 Dungeon Crawl Stone Soup version 0.30-a0-721-ga6a225cb13 (webtiles) character file.

Game seed: 18308027817813118445

39459 funkygono the Arsonist (level 14, -33/75 HPs)
             Began as a Gargoyle Fire Elementalist on Jan 27, 2023.
             Was an Elder of Vehumet.
             Killed from afar by a fire dragon (49 damage)
             ... with a blast of flame
             ... on level 5 of the Lair of Beasts.
             The game lasted 00:36:25 (19540 turns).

funkygono the Arsonist (GrFE)                      Turns: 19540, Time: 00:36:25

Health: -33/75     AC: 26    Str: 16    XL:     14   Next: 6%
Magic:  25/40      EV: 11    Int: 20    God:    Vehumet [****..]
Gold:   956        SH:  5    Dex:  6    Spells: 16/40 levels left

rFire   . . .      SeeInvis +    d - +3 whip (freeze)
rCold   . . .      Faith    .    (no shield)
rNeg    + . .      Spirit   .    g - +0 swamp dragon scales
rPois   ∞          Reflect  +    J - +0 helmet of the Divine Stag {Str+3 Dex-4 Slay+3 Stlth+}
rElec   +          Harm     .    E - +1 cloak
rCorr   .          Rampage  .    t - +2 pair of gloves
Will    +....                    q - +1 pair of boots
Stlth   ++                       u - amulet of reflection
HPRegen 0.32/turn                h - ring of magical power
MPRegen 0.27/turn                N - ring of see invisible

@: about to teleport, flying
A: sickness immunity, AC +10, big wings, negative energy resistance 1,
electricity resistance, torment resistance 1, petrification resistance
a: Renounce Religion


You were on level 5 of the Lair of Beasts.
You worshipped Vehumet.
Vehumet was greatly pleased with you.
You visited 2 branches of the dungeon, and saw 16 of its levels.
You also visited: Sewer.

You collected 956 gold pieces.

Inventory:

Hand Weapons
 c - a +0 morningstar of flaming
 d - a +3 whip of freezing (weapon)
 B - a +1 morningstar of draining
 D - a +0 whip of chaos
 Q - the +8 hand axe "Giantslayer" {venom, rF++ Stlth+}
   (You took it off an orc on level 10 of the Dungeon)

   rF:        It greatly protects you from fire.
   Stlth:     It makes you more stealthy.
Missiles
 o - a throwing net
Armour
 g - +0 swamp dragon scales (worn)
 j - a +0 robe of fire resistance
 l - +0 steam dragon scales
 q - a +1 pair of boots (worn)
 t - a +2 pair of gloves (worn)
 v - a +1 hat
 E - a +1 cloak (worn)
 F - a +3 leather armour
 J - the +0 helmet of the Divine Stag (worn) {Str+3 Dex-4 Slay+3 Stlth+}
   (You found it on level 7 of the Dungeon)

   Str:       It affects your strength (+3).
   Dex:       It affects your dexterity (-4).
   Slay:      It affects your accuracy & damage with ranged weapons and melee
   (+3).
   Stlth:     It makes you more stealthy.
 R - a +1 leather armour of fire resistance
Magical Staves
 M - a staff of cold
Jewellery
 h - a ring of magical power (left hand)
 u - an amulet of reflection (around neck)
 w - an amulet of faith
 N - a ring of see invisible (right hand)
 O - a ring of ice
Wands
 b - a wand of polymorph (2)
 s - a wand of charming (32)
 G - a wand of flame (10)
 H - a wand of acid (1)
 L - a wand of roots (10)
Scrolls
 a - 3 scrolls of magic mapping
 f - 2 scrolls of brand weapon
 k - 2 scrolls of fog
 m - a scroll of silence
 y - 3 scrolls of teleportation
 A - 3 scrolls of fear
 K - 4 scrolls of identify
 T - a scroll of amnesia
Potions
 e - a potion of flight
 i - 6 potions of haste
 n - 10 potions of curing
 p - 3 potions of might
 r - 6 potions of brilliance
 x - a potion of magic
 z - 2 potions of invisibility
 C - a potion of heal wounds
 I - a potion of resistance
 S - 3 potions of cancellation


   Skills:
 + Level 3.9 Fighting
 + Level 3.3 Maces & Flails
 + Level 3.1 Armour
 + Level 4.6 Dodging
 - Level 2.1 Stealth
 + Level 3.5 Shields
 + Level 13.7 Spellcasting
 + Level 10.1 Conjurations
 + Level 0.8 Translocations
 + Level 14.2 Fire Magic
 + Level 1.3 Air Magic


You had 16 spell levels left.
You knew the following spells:

 Your Spells              Type           Power      Damage    Failure   Level
a - Foxfire               Conj/Fire      100%       2x1d9     1%          1
b - Scorch                Fire           100%       2d10      1%          2
c - Kindle Blastsparks    Fire/Tloc/Air  70%        2d15      1%          3
d - Flame Wave            Conj/Fire      58%        2d14      1%          4
e - Searing Ray           Conj           100%       2d8       1%          2
f - Momentum Strike       Conj/Tloc      70%        3d9       1%          2
g - Airstrike             Air            9%         2d(2-18)  13%         4
h - Conjure Ball Lightni  Conj/Air       18%        3x3d6     30%         6

Your spell library contained the following spells:

 Spells                   Type           Power      Damage    Failure   Level
 Magic Dart               Conj           100%       1d8       1%          1
 Ignite Poison            Fire/Tmut/Pois 32%        N/A       1%          3
 Inner Flame              Hex/Fire       42%        N/A       1%          3
 Fulminant Prism          Conj/Hex       17%        3d10      3%          4
 Apportation              Tloc           34%        N/A       6%          1
 Ensorcelled Hibernation  Hex/Ice        26%        N/A       13%         2
 Passwall                 Tmut/Erth      10%        N/A       13%         2
 Freezing Cloud           Conj/Ice/Air   14%        6-21      13%         5
 Swiftness                Air            19%        N/A       16%         3
 Portal Projectile        Hex/Tloc       30%        N/A       22%         3
 Spider Form              Tmut/Pois      13%        N/A       26%         3
 Tukima's Dance           Hex            13%        N/A       26%         3
 Yara's Violent Unravell  Hex/Tmut       6%         3d5       50%         5
 Passage of Golubria      Tloc           17%        N/A       52%         4
 Anguish                  Hex/Necr       6%         N/A       65%         4
 Cause Fear               Hex            6%         N/A       65%         4
 Alistair's Intoxication  Tmut/Pois      8%         N/A       94%         5
 Blade Hands              Tmut           6%         N/A       94%         5
 Dragon Form              Tmut           6%         N/A       100%        7
 Dragon's Call            Summ           6%         N/A       100%        9


Dungeon Overview and Level Annotations

Branches:
Dungeon (11/15)            Temple (0/1) D:7            Lair (5/5) D:10
 Shoals (0/4) Lair:2        Snake (0/4) Lair:2          Orc (0/2) D:10
  Sewer (visited)
  Slime: Lair:4-5

Altars:
Dithmenos
Gozag
Hepliaklqana
Kikubaaqudgha
Makhleb
Nemelex Xobeh
Ru
Sif Muna
Uskayaw
Vehumet
Wu Jian
Xom
Zin

Shops:
D:7 [   D:9 *

Annotations:
D:3 2 transporters, DEFE's ghost, amateur DsWn
Lair:2 1 runed translucent door


Innate Abilities, Weirdness & Mutations

You are immune to sickness and miasma.
Your stone body is resilient. (AC +10)
You are immune to poison.
Your large and strong wings let you fly.
You resist negative energy. (rN+)
You are resistant to electric shocks. (rElec)
You are resistant to unholy torment.
You are immune to petrification.


Message History

Aim: a boulder beetle (rolling, ally target, will become a wolf spider, an alligator, or a fire dragon, chance to affect: 31%)
The boulder beetle evaporates and reforms as a fire dragon!
The foxfire hits the fire dragon.
The fire dragon completely resists.
Casting: Foxfire (safe; 1% risk of failure)
Confirm with . or Enter, or press ? or * to list all spells.
Okay, then.
The foxfire hits the fire dragon.
The fire dragon completely resists.
Press: ? - help, v - describe, . - travel
Here: a fire dragon The floor.
Casting: Foxfire (safe; 1% risk of failure)
Confirm with . or Enter, or press ? or * to list all spells.
Okay, then.
Hit: d) +3 whip (freeze)
Press: ? - help, Dir - move target, f - you, p - fire dragon
Okay, then.
Aiming: Polymorph
Press: ? - help, Shift-Dir - straight line, f/p - fire dragon
Aim: a fire dragon (will become an eye of devastation, a spark wasp, or a harpy, chance to affect: 17%)
The fire dragon resists with almost no effort.
Aiming: Polymorph
Press: ? - help, Shift-Dir - straight line, f/p - fire dragon
Aim: a fire dragon (will become an eye of devastation, a spark wasp, or a harpy, chance to affect: 17%)
The fire dragon resists with almost no effort.
Casting: Foxfire (safe; 1% risk of failure)
Confirm with . or Enter, or press ? or * to list all spells.
Okay, then.
Aiming: Polymorph
Press: ? - help, Shift-Dir - straight line, f/p - fire dragon
Aim: a fire dragon (will become an eye of devastation, a spark wasp, or a harpy, chance to affect: 17%)
The fire dragon resists with almost no effort.
The fire dragon breathes flames at you. The blast of flame misses you.
You hear a roar!
As you read the scroll of teleportation, it crumbles to dust.
You feel strangely unstable. The fire dragon breathes flames at you.
The blast of flame hits you!!!
Ouch! That really hurt!
You die...

.................#
................##
.#..............##
.#...P..........♣##
.......#.........P♣~♣##
..#...............PP~~##
.................~~~~~#
........†..##....~≈≈~#
#......†@###....~P~P# .
###....#...# #...~~♣♣##
..##......D..## ##.#♣♣~#
.........†..## ### ###
........†.###
........†## .........#
.#.....### ##...#


You could see a fire dragon (catching breath).

Vanquished Creatures
  3 hydras
  14 death yaks
  5 two-headed ogres
  A manticore (D:10)
  6 black mambas
  14 cane toads
  2 rime drakes
  Psyche (D:8)
  4 komodo dragons
  An unseen horror (D:10)
  Maggie (Lair:1)
  3 polar bears
  2 trolls
  3 hornets
  18 blink frogs
  Sigmund (D:6)
  A snapping turtle (Lair:2)
  32 yaks
  A wraith (D:10)
  6 wyverns
  A steam dragon (D:5)
  4 nagas (Lair:2)
  An acid dragon (D:10)
  12 water moccasins
  An ice beast (D:8)
  2 orc warriors
  2 black bears
  18 wolves
  3 centaurs
  A kobold brigand (D:7)
  2 phantoms
  12 bullfrogs
  A scorpion (D:3)
  2 necrophages
  4 wights (D:10)
  A troll zombie (D:10)
  11 killer bees
  2 electric eels
  5 howler monkeys
  2 jellies
  5 orc priests
  4 hounds
  A gnoll bouda (D:10)
  2 iguanas (D:6)
  Natasha (thrice) (D:4)
  4 orc wizards
  7 ogre zombies (D:10)
  7 gnolls
  4 river rats (Sewer)
  8 adders
  A gnoll zombie (D:7)
  15 orc zombies
  4 worms
  3 dart slugs
  36 orcs
  4 bats
  6 endoplasms
  3 giant cockroaches
  8 goblins
  6 hobgoblins
  14 kobolds
  8 quokkas
  28 ball pythons
  5 frilled lizards
  A goblin skeleton (D:10)
  3 goblin zombies (D:10)
  A hobgoblin skeleton (D:10)
  4 hobgoblin zombies (D:10)
  2 orc skeletons (D:10)
  29 rats
  A bush (Lair:4)
433 creatures vanquished.

Vanquished Creatures (collateral kills)
  6 foxfires
6 creatures vanquished.

Vanquished Creatures (others)
  1416 foxfires
  18 fungi
  32 plants
1466 creatures vanquished.

Grand Total: 1905 creatures vanquished

Notes
Turn   | Place    | Note
-------+----------+-------------------------------------------
     0 | D:1      | funkygono the Gargoyle Fire Elementalist began the quest
                  | for the Orb.
     0 | D:1      | Reached XP level 1. HP: 10/10 MP: 3/3
   163 | D:1      | Reached XP level 2. HP: 15/15 MP: 1/5
   166 | D:1      | Learned a level 2 spell: Scorch
   649 | D:1      | Reached XP level 3. HP: 19/19 MP: 2/6
   653 | D:1      | Learned a level 3 spell: Kindle Blastsparks
  1207 | D:2      | Found a shadowy altar of Dithmenos.
  1582 | D:2      | Reached skill level 4 in Fire Magic
  1745 | D:3      | Found a transporter.
  1751 | D:3      | Noticed DEFE's ghost (amateur DsWn)
  1788 | D:3      | Found a transporter.
  1994 | D:3      | Reached XP level 4. HP: 23/24 MP: 0/8
  2119 | D:3      | Noticed a scorpion
  2134 | D:3      | Killed a scorpion
  2135 | D:3      | Reached XP level 5. HP: 28/28 MP: 3/9
  2140 | D:3      | Learned a level 4 spell: Flame Wave
  2357 | D:3      | Found a sacrificial altar of Ru.
  2360 | D:3      | Found an opulent altar of Gozag.
  3032 | D:4      | Noticed Natasha
  3040 | D:4      | Killed Natasha
  3134 | D:4      | Noticed Natasha
  3144 | D:4      | Killed Natasha
  3145 | D:4      | Reached XP level 6. HP: 28/32 MP: 1/11
  3168 | D:4      | Noticed Natasha
  3174 | D:4      | Killed Natasha
  3175 | D:4      | Reached skill level 1 in Maces & Flails
  3175 | D:4      | Found a glowing drain.
  3230 | Sewer    | Entered a sewer
  3741 | Sewer    | Reached skill level 5 in Fire Magic
  3844 | Sewer    | Reached XP level 7. HP: 36/36 MP: 6/13
  4842 | D:4      | Found a sparkling altar of Nemelex Xobeh.
  4842 | D:4      | Found a burning altar of Makhleb.
  4854 | D:4      | Found a shimmering altar of Xom.
  4856 | D:4      | Found a shimmering blue altar of Sif Muna.
  4877 | D:4      | Found a radiant altar of Vehumet.
  4880 | D:4      | Became a worshipper of Vehumet
  5012 | D:4      | Found a large runed translucent door.
  5012 | D:4      | Found a shimmering altar of Xom.
  5012 | D:4      | Found a large runed translucent door.
  5231 | D:5      | Entered Level 5 of the Dungeon
  5436 | D:5      | Reached skill level 6 in Fire Magic
  5457 | D:5      | Reached XP level 8. HP: 42/42 MP: 10/15
  5460 | D:5      | Learned a level 2 spell: Searing Ray
  5597 | D:5      | Reached skill level 5 in Spellcasting
  5815 | D:5      | Found a hazy altar of Hepliaklqana.
  5958 | D:5      | Reached skill level 1 in Fighting
  5958 | D:5      | Reached skill level 1 in Shields
  6623 | D:6      | Noticed Sigmund
  6630 | D:6      | Killed Sigmund
  6631 | D:6      | Reached skill level 7 in Fire Magic
  7881 | D:7      | Found a transporter.
  7906 | D:7      | Noticed a troll
  7918 | D:7      | Killed a troll
  7919 | D:7      | Reached skill level 5 in Conjurations
  7919 | D:7      | Reached XP level 9. HP: 37/47 MP: 18/18
  8161 | D:7      | Found a transporter.
  8286 | D:7      | Found Mibb's Armour Shop.
  8374 | D:7      | Found a staircase to the Ecumenical Temple.
  8433 | D:7      | Reached skill level 8 in Fire Magic
  8817 | D:7      | Found an ancient bone altar of Kikubaaqudgha.
  8827 | D:7      | Reached * piety under Vehumet
  8827 | D:7      | Offered knowledge of Shock by Vehumet.
  9385 | D:7      | Reached XP level 10. HP: 49/52 MP: 19/22
  9400 | D:7      | Identified the +0 helmet of the Divine Stag {Str+3 Dex-4
                  | Slay+3 Stlth+}
  9505 | D:8      | Reached skill level 9 in Fire Magic
  9745 | D:8      | Noticed a +0 short sword
  9745 | D:8      | Noticed a +0 dagger
  9746 | D:8      | Noticed a +0 spear
  9746 | D:8      | Noticed a +0 short sword
  9747 | D:8      | Noticed a +0 falchion
  9747 | D:8      | Noticed a +0 spear
  9748 | D:8      | Noticed a +0 dagger
  9750 | D:8      | Noticed a +0 falchion
  9787 | D:8      | Noticed a two-headed ogre
  9794 | D:8      | Killed a two-headed ogre
 10175 | D:8      | Found a shadowy altar of Dithmenos.
 10492 | D:8      | Noticed Psyche
 10499 | D:8      | Killed Psyche
 10587 | D:8      | Found a glowing silver altar of Zin.
 10708 | D:8      | Found a hide-covered altar of Uskayaw.
 10929 | D:9      | Noticed a two-headed ogre
 10933 | D:9      | Killed a two-headed ogre
 11064 | D:9      | Noticed a two-headed ogre
 11073 | D:9      | Killed a two-headed ogre
 11074 | D:9      | Reached skill level 10 in Fire Magic
 11109 | D:9      | Reached XP level 11. HP: 50/57 MP: 7/24
 11233 | D:9      | Found Jileq's General Store.
 11427 | D:9      | Reached skill level 10 in Spellcasting
 11646 | D:10     | Entered Level 10 of the Dungeon
 11712 | D:10     | Noticed a death yak
 11720 | D:10     | Noticed a death yak
 11762 | D:10     | Killed a death yak
 11917 | D:10     | Found a staircase to the Lair.
 11920 | D:10     | Identified the +6 dagger of Disaster {vamp, rElec Str+2
                  | Dex+2 Stlth+}
 11955 | D:10     | Reached ** piety under Vehumet
 11955 | D:10     | Offered knowledge of Freeze by Vehumet.
 12013 | D:10     | Found a staircase to the Orcish Mines.
 12071 | D:10     | Offered knowledge of Momentum Strike by Vehumet.
 12075 | D:10     | Learned a level 2 spell: Momentum Strike
 12372 | D:10     | Identified the +8 hand axe "Giantslayer" {venom, rF++
                  | Stlth+}
 12513 | D:10     | Reached *** piety under Vehumet
 12533 | D:10     | Noticed a two-headed ogre
 12543 | D:10     | Killed a two-headed ogre
 12620 | D:10     | Noticed a two-headed ogre
 12629 | D:10     | Killed a two-headed ogre
 12630 | D:10     | Reached skill level 11 in Fire Magic
 12902 | D:10     | Noticed a death yak
 12919 | D:10     | Noticed a death yak
 12927 | D:10     | Killed a death yak
 12927 | D:10     | Noticed a manticore
 12931 | D:10     | Killed a death yak
 12939 | D:10     | Killed a death yak
 12939 | D:10     | Killed a manticore
 13188 | D:10     | Offered knowledge of Airstrike by Vehumet.
 13413 | D:10     | Found an ornate altar of the Wu Jian Council.
 13513 | D:10     | Learned a level 4 spell: Airstrike
 13566 | D:11     | Noticed a boulder beetle
 13797 | Lair:1   | Entered Level 1 of the Lair of Beasts
 13849 | Lair:1   | Reached skill level 1 in Air Magic
 13970 | Lair:1   | Reached XP level 12. HP: 64/64 MP: 27/27
 14090 | Lair:1   | Noticed Maggie
 14096 | Lair:1   | Killed Maggie
 14096 | Lair:1   | Reached **** piety under Vehumet
 14248 | Lair:1   | Offered knowledge of Iskenderun's Mystic Blast by Vehumet.
 14571 | Lair:1   | Reached skill level 12 in Fire Magic
 15452 | Lair:2   | Found a staircase to the Snake Pit.
 15648 | Lair:2   | Found a staircase to the Shoals.
 15850 | Lair:2   | Noticed a death yak
 15859 | Lair:2   | Noticed a death yak
 15871 | Lair:2   | Killed a death yak
 15875 | Lair:2   | Noticed a death yak
 15877 | Lair:2   | Noticed a death yak
 15878 | Lair:2   | Killed a death yak
 15879 | Lair:2   | Noticed a death yak
 15879 | Lair:2   | Noticed a death yak
 15889 | Lair:2   | Killed a death yak
 15892 | Lair:2   | Killed a death yak
 15896 | Lair:2   | Killed a death yak
 15900 | Lair:2   | Killed a death yak
 15901 | Lair:2   | Reached skill level 13 in Fire Magic
 15901 | Lair:2   | Reached XP level 13. HP: 5/69 MP: 0/29
 16610 | Lair:2   | Found a runed translucent door.
 18458 | Lair:4   | Reached skill level 1 in Armour
 18462 | Lair:4   | Reached ***** piety under Vehumet
 18568 | Lair:4   | Offered knowledge of Conjure Ball Lightning by Vehumet.
 18576 | Lair:4   | Learned a level 6 spell: Conjure Ball Lightning
 18880 | Lair:4   | Reached skill level 14 in Fire Magic
 19351 | Lair:5   | Entered Level 5 of the Lair of Beasts
 19506 | Lair:5   | Reached skill level 10 in Conjurations
 19520 | Lair:5   | Gained mutation: Your large and strong wings let you fly.
                  | [Gargoyle growth]
 19520 | Lair:5   | Reached XP level 14. HP: 24/75 MP: 30/31
 19540 | Lair:5   | Killed from afar by a fire dragon

Illustrated notes

Levels and vault maps discovered:
D:1:      eino_arrival_tree_alley, layout_rooms
D:2:      layout_loops_ring, basic_altar, kennysheep_generic_room_16
D:3:      cheibrodos_old_hovel, layout_loops_ring, grunt_temple_overflow_open,
          gammafunk_ghost_stat_death, fountainhead, dk_noncrumbling_4
D:4:      due_chaos_kobolds, layout_loops_corners,
          chequers_temple_overflow_minitemple, cheibrodos_sewer_entry_sluice,
          uniq_natasha
D:5:      layout_loops_ring, mainiacjoe_overflow_surrounded_room
D:6:      layout_layer_cave, minivault_5, uniq_sigmund
D:7:      gammafunk_cloud_chamber, layout_layer_cave,
          nicolae_kikubaaqudgha_miasma_corner, minmay_temple_entry_stoned_glass,
          serial_shops, shop_fountains, sigmund_army
D:8:      layout_layer_cave, nicolae_dithmenos_through_a_glass_darkly,
          nicolae_uskayaw_en_pointe, zin_statuary, serial_glass,
          glass_columns_b, glass_columns_a, uniq_psyche
D:9:      layout_long_grid, serial_shops, nicolae_take_the_stairs
D:10:     layout_loops_corners, pdpol_wu_jian_five_deadly_venoms,
          dpeg_lair_monsters, zombieorc2_lemuel, enter_bailey_2,
          nicolae_two_hexagons
D:11:     layout_basic, gammafunk_ghost_hydra_chop, wad_floor_pattern_2
Lair:1:   layout_cave_pods, st_stairs_7, serial_bayou_ford_a, uniq_maggie
Lair:2:   gammafunk_indiana_jones, layout_regular_city, minmay_shoals_entry_hut,
          minmay_snake_entry_guardpost_small, infiniplex_staircase_pool
Lair:3:   layout_misc_corridors, beast_lair_carwin_9
Lair:4:   layout_hall_layers, st_stairs_5
Lair:5:   evil_forest, layout_gridlike, slime_entry_1, serial_bayou_pond_b,
          serial_bayou_shore_b, grunt_megastairs_4

Skill      XL: |  1  2  3  4  5  6  7  8  9 10 11 12 13 14 |
---------------+-------------------------------------------+-----
Fire Magic     | 4 5 6 7 8 10 11 13 14 | 14.2
Spellcasting   | 3 4 6 8 9 11 12 13 | 13.7
Conjurations   | 2 3 4 5 6 7 8 10 | 10.1
Dodging        | 2 3 4 |  4.6
Maces & Flails | 1 2 3 |  3.3
Fighting       | 1 2 3 |  3.9
Shields        | 1 2 3 |  3.5
Air Magic      | 1 |  1.3
Armour         | 2 3 |  3.1
Stealth        | |  2.1
Translocations | |  0.8

Action                     |  1- 3 |  4- 6 |  7- 9 | 10-12 | 13-15 || total
---------------------------+-------+-------+-------+-------+-------++-------
  Melee: Whip              |     5 |    18 |     9 |    40 |    27 ||    99
         Morningstar       |       |       |    30 |       |       ||    30
         Punch             |       |       |     1 |       |       ||     1
   Cast: Foxfire           |    66 |   134 |   127 |   304 |   179 ||   810
         Scorch            |     4 |     2 |    30 |    93 |    42 ||   171
         Flame Wave        |       |       |     5 |    37 |    23 ||    65
         Kindle Blastspark |       |       |       |    17 |       ||    17
         Searing Ray       |       |       |       |     3 |       ||     3
  Evoke: Wand              |       |       |       |       |     5 ||     5
    Use: Potion            |       |     1 |       |     7 |       ||     8
         Scroll            |       |       |    22 |     6 |     3 ||    31
 Armour: Robe              |     7 |     8 |    14 |       |       ||    29
         Steam dragon scal |       |       |    10 |    64 |    18 ||    92
         Swamp dragon scal |       |       |       |       |    60 ||    60
  Dodge: Dodged            |     7 |    22 |    48 |    78 |    66 ||   221
  Block: Other             |     5 |     6 |    22 |    31 |    24 ||    88
         Reflection        |       |       |     1 |       |     1 ||     2

Table legend: (Time is in decaauts)
 A = Elapsed time spent in this place.
 B = Non-inter-level travel time spent in this place.
 C = Inter-level travel time spent in this place.
 D = Time resting spent in this place.
 E = Time spent auto-exploring this place.
 F = Levels seen in this place.
 G = Mean time per level.
                   A        B        C        D        E       F      G
               +--------+--------+--------+--------+--------+-----+--------+
         Total |  19616 |  19075 |    541 |    584 |  15292 |  17 | 1153.9 |
       Dungeon |  13113 |  12675 |    438 |    437 |  10119 |  11 | 1192.1 |
          Lair |   5768 |   5665 |    103 |    147 |   4584 |   5 | 1153.6 |
         Sewer |    734 |    734 |      0 |      0 |    588 |   1 |  734.0 |
               +--------+--------+--------+--------+--------+-----+--------+

Top non-repeatable levels by time:
    D:10: 2047 daAuts
     D:4: 1641 daAuts
  Lair:2: 1623 daAuts
     D:7: 1601 daAuts
     D:6: 1583 daAuts
  Lair:1: 1517 daAuts
     D:8: 1363 daAuts
  Lair:4: 1359 daAuts
     D:3: 1173 daAuts
  Lair:3: 1076 daAuts
     D:5: 1043 daAuts
     D:1: 950 daAuts
     D:9: 827 daAuts
     D:2: 778 daAuts
   Sewer: 734 daAuts
